 Dungeon Crawl Stone Soup version 0.18-a0-1293-g5a2c81a (webtiles) character file.

320159 ThermosAquaticus the Grand Gadgeteer (level 20, -6/160 HPs)
             Began as a Demonspawn Artificer on Feb 8, 2016.
             Was the Champion of Pakellas.
             Mangled by Margery
             ... wielding a +0 battleaxe of distortion
              (10 damage)
             ... on level 2 of the Vaults on Feb 10, 2016.
             The game lasted 04:18:26 (42011 turns).

ThermosAquaticus the Grand Gadgeteer (DsAr)        Turns: 42011, Time: 04:18:28

Health: -6/160     AC: 24    Str: 18    XL:     20   Next: 61%
Magic:  25/43      EV: 27    Int: 15    God:    Pakellas [******]
Gold:   3029       SH:  3    Dex: 24    Spells: 0 memorised, 19 levels left

rFire  . . .     SeeInvis .     a - +4 lajatang of a Thousand Runes {flame, rC+ Str+2}
rCold  + + .     Gourm    .     W - +5 ring mail of the Barber Surgeon {Dex+2}
rNeg   . . .     Faith    .     (shield currently unavailable)
rPois  .         Spirit   .     (helmet unavailable)
rElec  .         Dismiss  .     F - +2 cloak {MR+}
rCorr  .         Reflect  +     t - +0 pair of gloves
SustAt .         Harm     .     y - +0 pair of boots
MR     +++..                    X - +3 amulet of reflection
Stlth  ++........               P - +4 ring of protection
                                m - ring "Utor" {rC+ MR+ MP+9 Dex+5}

@: about to teleport, slowed, very slow, extremely resistant to hostile
enchantments, unstealthy
A: claws 1, horns 3, demonic guardian 1, powered by death 3, sturdy frame 2
a: Quick Charge, Device Surge, Supercharge, Renounce Religion
}: 2/15 runes: barnacled, gossamer


You were on level 2 of the Vaults.
You worshipped Pakellas.
Pakellas was exalted by your worship.
You were not hungry.

You visited 7 branches of the dungeon, and saw 38 of its levels.

You collected 4109 gold pieces.
You spent 1080 gold pieces at shops.

Inventory:

Hand Weapons
 a - the +4 lajatang of a Thousand Runes (weapon) {flame, rC+ Str+2}
   (You bought it in a shop on level 9 of the Dungeon)

   It has been specially enchanted to burn those struck by it, causing extra
   injury to most foes and up to half again as much damage against particularly
   susceptible opponents.
   Big, fiery blades are also staple armaments of hydra-hunters.
   It affects your strength (+2).
   It protects you from cold.
 b - a +0 blowgun
Missiles
 e - 17 curare-tipped needles
Armour
 t - a +0 pair of gloves (worn)
 y - a +0 pair of boots (worn)
 F - a +2 cloak of magic resistance (worn)
 W - the +5 ring mail of the Barber Surgeon (worn) {Dex+2}
   (You found it on level 3 of the Spider Nest)

   It affects your dexterity (+2).
Rods
 k - a +4 rod of shadows (10/13)
   (You took it off a deep elf elementalist on level 3 of the Elven Halls)
 q - a +0 rod of ignition (14/14)
   (Pakellas gifted it to you on level 8 of the Dungeon)
 s - a +4 rod of clouds (14/14)
   (Pakellas gifted it to you on level 2 of the Elven Halls)
 R - a +4 lightning rod (10/14)
   (You found it on level 3 of the Elven Halls)
Jewellery
 j - the ring of Temmucov {rElec rN+ Str+3 Dex+2 Slay+2}
   (You found it on level 3 of the Elven Halls)

   [ring of positive energy]

   It affects your strength (+3).
   It affects your dexterity (+2).
   It affects your accuracy and damage with ranged weapons and melee attacks
   (+2).
   It insulates you from electricity.
   It protects you from negative energy.
 m - the ring "Utor" (left hand) {rC+ MR+ MP+9 Dex+5}
   (You found it on level 1 of the Lair of Beasts)

   [ring of protection from cold]

   It affects your dexterity (+5).
   It protects you from cold.
   It affects your resistance to hostile enchantments.
   It affects your magic capacity (+9).
 u - an uncursed ring of protection from magic
 C - an uncursed ring of resist corrosion
 O - an uncursed ring of fire
 P - a +4 ring of protection (right hand)
 Q - an uncursed ring of see invisible
 X - a +3 amulet of reflection (around neck)
Wands
 d - a wand of hasting (7/9)
 r - a wand of paralysis (19/24)
 A - a wand of acid (15/15)
 D - a wand of disintegration (24/24)
 G - a wand of iceblast (15/15)
 M - a wand of lightning (15/15)
 U - a wand of heal wounds (9/9)
 V - a wand of teleportation (9/9)
Scrolls
 l - 3 scrolls of enchant armour
 x - 2 scrolls of identify
 E - 6 scrolls of remove curse
 H - 3 scrolls of fog
 I - 6 scrolls of recharging
 L - 6 scrolls of magic mapping
 N - 9 scrolls of enchant weapon
 S - 4 scrolls of blinking
 T - 5 scrolls of teleportation
Potions
 g - a potion of cancellation
 i - 12 potions of curing
 o - 5 potions of might
 v - a potion of resistance
 w - a potion of magic
 B - a potion of heal wounds
 Y - 3 potions of haste
 Z - 4 potions of agility
Books
 c - a book of Unlife

   Spells                             Type                      Level
   a - Recall                         Summoning/Translocation      3
   b - Animate Dead                   Necromancy                   4
   c - Control Undead                 Necromancy                   4
   d - Cigotuvi's Embrace             Necromancy                   5
   e - Death Channel                  Necromancy                   6
   f - Simulacrum                     Ice/Necromancy               6
Miscellaneous
 h - a lamp of fire
 z - a fan of gales
 K - a disc of storms
Comestibles
 f - 18 bread rations
 n - 22 meat rations
 p - 18 fruits
 J - 5 chunks of flesh


   Skills:
 + Level 14.5 Fighting
   Level 7.0(7.2) Short Blades
   Level 2.7(5.2) Long Blades
 - Level 14.1 Staves
 - Level 13.8 Armour
 - Level 14.9 Dodging
 - Level 0.8 Stealth
 - Level 20.4 Evocations


You had 19 spell levels left.
You didn't know any spells.

Dungeon Overview and Level Annotations

Branches:
Dungeon (15/15)            Temple (0/1) D:6            Lair (8/8) D:10
 Shoals (4/4) Lair:6       Spider (4/4) Lair:4        Slime (0/6) Lair:7
    Orc (2/2) D:12            Elf (3/3) Orc:2        Vaults (2/5) D:14
 Depths (0/5) D:15
  Crypt: Vaults:2-3

Altars:
Ashenzari
Elyvilon
Fedhas
Gozag
Makhleb
Nemelex Xobeh
Okawaru
Pakellas
Ru
Sif Muna
Trog
Vehumet
Xom
Beogh
Jiyva

Shops:
D:7 %   D:9 (   D:11 ?   D:14 *   Orc:2 ((=*   Elf:3 *   Shoals:4 !
Vaults:2 [

Portals:
Trove: Vaults:2 (give 20 scrolls of identify)

Annotations:
Lair:7 1 runed door
Spider:3 4thArraOfDagon's ghost, adept DgFi; Mara
Vaults:2 Margery; Sojobo


Innate Abilities, Weirdness & Mutations

You have a pair of large horns on your head.
A weak demonic guardian rushes to your aid.
You regenerate a lot of health from kills.
Your movements are less encumbered by armour (ER -4).
You have sharp fingernails.


Message History

The bolt completely misses you.
You hear a shout! x2
Found 2 bolts.
A deep elf mage, a yaktaur captain, a hell knight and Margery come into view.
Read which item? (? for menu, Esc to quit)
As you read the scroll of teleportation, it crumbles to dust.
You feel strangely unstable. Margery gestures at you while chanting.
The bolt of fire hits you!
* * * LOW HITPOINT WARNING * * *
The hell knight points at you and mumbles some strange words.
The bolt of fire hits you!
* * * LOW HITPOINT WARNING * * *
The yaktaur wields an arbalest.
The yaktaur shoots a bolt.
The bolt barely misses you.
The hell knight hits you from afar with a demon trident!
* * * LOW HITPOINT WARNING * * *
Margery hits you with a battleaxe of distortion!
You die...
Pakellas says: Time to find a new assistant...

<..'...#.#...#
..######.#####
#...... .## ###
#.c#..# ..#
#######...#.##.
.##
#.............e
##
#.....c.....e#
#
#....5cp..p.#..
#.......p......
#......@@e.c...
##'############


You could see Margery, 2 yaktaur captains, 3 hell knights, a deep elf archer, 2
yaktaurs, 2 deep elf magi and a friendly iron imp (wandering).

Vanquished Creatures
  Nikola (Shoals:3)
  Rupert (D:15)
  Asterion (Spider:4)
  3 deep elf blademasters
  A deep elf master archer (Elf:3)
  Gastronok (D:11)
  Polyphemus (Shoals:3)
  A sphinx (Vaults:1)
  Ilsuiw (Shoals:4)
  2 frost giants (Shoals:4)
  An orc warlord (Orc:1)
  4 ghost moths (Spider:4)
  Maud (D:13)
  5 deep elf sorcerers
  Wiglaf (Spider:4)
  5 deep elf elementalists
  An emperor scorpion (Spider:3)
  3 vault wardens
  2 ironheart preservers
  Nessos (D:14)
  4 deep elf demonologists (Elf:3)
  6 deep elf annihilators
  A salamander stormcaller (Vaults:2)
  A spark wasp (Spider:4)
  An ettin (Vaults:2)
  4 merfolk javelineers
  5 merfolk impalers
  6 vault guards
  8 deep elf death magi
  2 deep elf high priests (Elf:3)
  3 fire dragons
  3 yaktaur captains
  A great orb of eyes (Vaults:2)
  3 entropy weavers
  6 hydras
  An alligator snapping turtle (Shoals:4)
  2 ice dragons
  2 merfolk avatars
  6 merfolk aquamancers
  5 centaur warriors
  3 catoblepae
  5 satyrs
  29 dancing weapons
  4 orc high priests
  A deep troll shaman (Vaults:1)
  10 death yaks
  A tengu warrior (D:14)
  A deep troll earth mage (Vaults:1)
  Sonja (D:13)
  12 deep elf knights
  A hell knight (Vaults:2)
  2 small abominations (Elf:3)
  2 unseen horrors
  A salamander mystic (Vaults:2)
  A giant orange brain (Vaults:1)
  14 sea snakes
  A skeletal warrior (D:13)
  A death drake (shapeshifter) (Vaults:2)
  2 deep trolls
  5 wizards
  7 hill giants
  4 deep elf archers
  18 harpies
  A necromancer (D:14)
  11 orc knights
  10 ironbrand convokers
  37 deep elf magi
  8 orc sorcerers
  35 wolf spiders
  A wolf spider zombie (D:14)
  12 griffons
  18 orb spiders
  21 ugly things
  5 hornets (Spider:4)
  13 cyclopes
  3 salamanders (Vaults:2)
  12 manticores
  7 water nymphs
  A moth of wrath (Spider:1)
  9 sirens
  3 large abominations (Elf:1)
  4 black mambas
  5 elephants
  8 fauns
  A centaur zombie (D:15)
  21 spiny frogs
  5 vault sentinels
  A gargoyle (D:14)
  4 orange demons (Elf:2)
  An efreet (D:15)
  4 kobold demonologists
  A freezing wraith (Vaults:2)
  14 demonic crawlers
  2 komodo dragons
  2 fire drakes
  13 yaktaurs (Vaults:1)
  10 trolls
  Eustachio (D:5)
  30 merfolk
  34 jumping spiders
  4 wind drakes
  2 polar bears
  9 slime creatures
  9 snapping turtles
  16 blink frogs
  2 air elementals
  Sigmund (D:4)
  A spriggan (shapeshifter) (Vaults:2)
  6 wraiths
  54 redbacks
  3 shadows
  34 tarantellas
  40 yaks
  A human (shapeshifter) (Vaults:2)
  3 basilisks
  15 water elementals
  4 fire elementals
  16 humans (D:14)
  18 vampire mosquitoes
  A basilisk (shapeshifter) (D:13)
  13 hippogriffs
  A yaktaur simulacrum (Vaults:1)
  4 mottled dragons
  13 wolves
  A steam dragon (Lair:8)
  2 wargs (Vaults:1)
  2 soldier ants (D:11)
  18 water moccasins
  8 porcupines
  34 orc warriors
  6 sky beasts
  An ettin simulacrum (Vaults:2)
  4 ice beasts
  5 wasps
  3 phantoms
  An eye of draining (D:14)
  10 ogres
  6 centaurs
  10 crocodiles
  6 big kobolds
  19 giant frogs
  3 elf zombies (Elf:1)
  5 earth elementals
  A water moccasin zombie (D:6)
  A gnoll sergeant (D:10)
  A wyvern skeleton (D:14)
  7 scorpions
  A water moccasin skeleton (D:10)
  5 killer bees (D:13)
  6 wights
  3 electric eels
  3 crimson imps
  A quasit (D:9)
  3 giant frog zombies
  2 wasp zombies
  3 centaur skeletons
  2 hounds
  5 giant frog skeletons
  26 orc priests
  A gnoll shaman (D:6)
  3 jellies
  8 iguanas
  24 orc wizards
  6 worker ants
  A giant frog simulacrum (D:9)
  2 hound zombies
  2 hound skeletons
  3 worker ant zombies
  4 gnolls
  8 adders
  87 river rats
  A hound simulacrum (D:9)
  A white imp (D:9)
  An ufetubus (D:9)
  3 oozes
  An adder skeleton (D:9)
  2 worms
  An adder simulacrum (D:9)
  4 giant geckos
  46 orcs
  3 ball pythons
  3 bats (D:2)
  6 giant cockroaches
  5 goblins
  4 hobgoblins
  5 jackals
  4 quokkas
  38 sheep
  A giant gecko zombie (D:8)
  3 giant newts
  29 kobolds
  A quokka skeleton (D:5)
  A quokka zombie (D:7)
  4 rats
  A crawling corpse (Elf:3)
  A fungus (Lair:7)
1403 creatures vanquished.

Vanquished Creatures (collateral kills)
  Norris (Elf:2)
  Arachne (Spider:2)
  Jory (Vaults:2)
  A deep elf master archer (Elf:3)
  Roxanne (Shoals:4)
  A frost giant (Shoals:4)
  2 deep elf sorcerers (Elf:3)
  Aizul (Shoals:2)
  2 emperor scorpions (Spider:4)
  2 deep elf elementalists (Elf:3)
  A deep elf annihilator (Elf:3)
  Josephine (Lair:5)
  An entropy weaver (Spider:4)
  2 catoblepae
  An alligator snapping turtle (Shoals:3)
  2 merfolk aquamancers (Shoals:4)
  2 hydras
  A death yak (Shoals:3)
  3 skeletal warriors (D:13)
  A small abomination (Elf:3)
  2 orb spiders (Spider:2)
  3 wolf spiders
  2 deep elf magi (Elf:2)
  3 harpies (Shoals:3)
  A griffon (Shoals:3)
  A siren (Shoals:3)
  An elephant (Lair:6)
  2 centaur skeletons
  A fire drake (Lair:2)
  A jumping spider (Spider:2)
  2 merfolk (Shoals:3)
  A blink frog (Lair:5)
  A redback (Spider:3)
  3 tarantellas
  3 yaks
  A human (D:9)
  A hungry ghost (D:9)
  3 hippogriffs
  A water moccasin (Lair:1)
  A sky beast (D:7)
  2 ogres
  2 phantoms (D:5)
  2 giant frogs
  2 orc priests
  Crazy Yiuf (D:3)
  An orc wizard (Orc:1)
  A giant frog skeleton (D:12)
  A worker ant (D:4)
  2 sheep
  A hound skeleton (D:5)
  2 gnolls (D:10)
  A river rat (Lair:7)
  2 white imps (D:9)
  7 orcs
  A kobold (D:13)
90 creatures vanquished.

Vanquished Creatures (others)
  A deep elf elementalist (Elf:3)
  A merfolk javelineer (Shoals:4)
  A hydra (Lair:7)
  A death yak (Lair:8)
  3 deep elf magi
  A griffon (Lair:4)
  6 elephants
  A faun (Shoals:2)
  A yaktaur (Vaults:1)
  A komodo dragon (Lair:7)
  2 jumping spiders
  7 yaks
  A hippogriff (Lair:4)
  2 water moccasins
  A porcupine (Lair:4)
  2 crocodiles
  A giant frog (Lair:4)
  A gnoll sergeant (D:10)
  A hound (D:5)
  A centaur skeleton (D:5)
  2 orc wizards
  4 sheep
  6 river rats
  An orc (Orc:1)
  30 fungi
  30 plants
109 creatures vanquished.

Grand Total: 1602 creatures vanquished

Notes
Turn   | Place    | Note
--------------------------------------------------------------
     0 | D:1      | ThermosAquaticus the Demonspawn Artificer began the quest for the Orb.
     0 | D:1      | Reached XP level 1. HP: 15/15 MP: 3/3
   784 | D:2      | Gained mutation: Your movements are slightly less encumbered by armour (ER -2). [demonic ancestry]
   784 | D:2      | Reached XP level 2. HP: 11/21 MP: 4/4
  1181 | D:2      | Found an oddly glowing altar of Pakellas.
  1187 | D:2      | Became a worshipper of Pakellas the Inventive
  1509 | D:3      | Gained mutation: A weak demonic guardian rushes to your aid. [demonic ancestry]
  1509 | D:3      | Reached XP level 3. HP: 27/27 MP: 5/5
  2146 | D:3      | Gained mutation: You regenerate a little health from kills. [demonic ancestry]
  2146 | D:3      | Reached XP level 4. HP: 32/35 MP: 6/6
  2246 | D:3      | Reached * piety under Pakellas
  2534 | D:3      | Noticed Crazy Yiuf
  2540 | D:3      | Killed Crazy Yiuf
  2842 | D:4      | Reached skill level 4 in Evocations
  2842 | D:4      | Gained mutation: You regenerate health from kills. [demonic ancestry]
  2842 | D:4      | Reached XP level 5. HP: 41/41 MP: 5/8
  2916 | D:4      | Noticed Sigmund
  2921 | D:4      | Killed Sigmund
  2921 | D:4      | Reached skill level 5 in Evocations
  2921 | D:4      | Reached XP level 6. HP: 47/47 MP: 6/10
  2940 | D:4      | Noticed an orc warrior
  2962 | D:4      | Killed an orc warrior
  2962 | D:4      | Reached skill level 6 in Evocations
  3057 | D:4      | Reached skill level 1 in Armour
  3327 | D:4      | Reached ** piety under Pakellas
  3327 | D:4      | Received a gift from Pakellas
  3640 | D:5      | Entered Level 5 of the Dungeon
  3783 | D:5      | Found a sparkling altar of Nemelex Xobeh.
  3815 | D:5      | Found a deep blue altar of Sif Muna.
  3821 | D:5      | Found a bloodstained altar of Trog.
  3824 | D:5      | Found a sacrificial altar of Ru.
  3876 | D:5      | Found a shimmering altar of Xom.
  3885 | D:5      | Reached XP level 7. HP: 40/52 MP: 7/11
  3969 | D:5      | Reached skill level 1 in Short Blades
  4029 | D:5      | Found a white marble altar of Elyvilon.
  4209 | D:5      | Noticed Eustachio
  4386 | D:4      | Found an iron altar of Okawaru.
  4446 | D:5      | Killed Eustachio
  4656 | D:5      | Gained mutation: You regenerate a lot of health from kills. [demonic ancestry]
  4656 | D:5      | Reached XP level 8. HP: 58/58 MP: 5/12
  4820 | D:6      | Reached skill level 5 in Short Blades
  5029 | D:6      | Found a staircase to the Ecumenical Temple.
  5168 | D:6      | Reached skill level 7 in Evocations
  5694 | D:7      | Got a faintly humming cloak
  5715 | D:7      | Found an oddly glowing altar of Pakellas.
  5760 | D:7      | Reached *** piety under Pakellas
  5778 | D:7      | Found Yporghiy's Food Shoppe.
  5894 | D:7      | You fall through a shaft for 3 floors!
  5894 | D:10     | Entered Level 10 of the Dungeon
  5894 | D:10     | Noticed a troll
  5911 | D:10     | Killed a troll
  5911 | D:10     | Reached XP level 9. HP: 39/63 MP: 14/14
  5989 | D:9      | Reached skill level 8 in Evocations
  6107 | D:9      | Found an oddly glowing altar of Pakellas.
  6109 | D:9      | Found a burning altar of Makhleb.
  6111 | D:9      | Found a blossoming altar of Fedhas.
  6183 | D:9      | Identified the cursed +0 cloak of the Assorted Tales {*Corrode rPois rN+ Dex+9} (You found it on level 7 of the Dungeon)
  6191 | D:9      | Found a bloodstained altar of Trog.
  6287 | D:9      | Reached skill level 5 in Fighting
  6343 | D:9      | Reached skill level 9 in Evocations
  6467 | D:8      | Reached **** piety under Pakellas
  6467 | D:8      | Received a gift from Pakellas
  6885 | D:8      | Reached skill level 1 in Long Blades
  7056 | D:8      | Reached skill level 10 in Evocations
  7462 | D:9      | Noticed a polar bear
  7475 | D:9      | Found Wexta's Antique Weapon Boutique.
  7506 | D:9      | Killed a polar bear
  7506 | D:9      | Reached XP level 10. HP: 41/74 MP: 17/17
  8087 | D:10     | Found a staircase to the Lair.
  8408 | D:10     | Noticed a hill giant
  8425 | D:10     | Killed a hill giant
  8554 | D:10     | Noticed a seven-headed hydra
  8579 | D:10     | Reached ***** piety under Pakellas
  8625 | D:10     | Killed a seven-headed hydra
  8625 | D:10     | Reached skill level 5 in Dodging
  8625 | D:10     | Reached skill level 11 in Evocations
  8729 | D:9      | Bought a twisted lajatang for 520 gold pieces
  8729 | D:9      | Identified the +4 lajatang of a Thousand Runes {flame, rC+ Str+2} (You bought it in a shop on level 9 of the Dungeon)
  8801 | Lair:1   | Entered Level 1 of the Lair of Beasts
  8925 | Lair:1   | Reached skill level 1 in Staves
  9104 | Lair:1   | Noticed a seven-headed hydra
  9113 | Lair:1   | Killed a seven-headed hydra
  9296 | Lair:1   | Got a brightly glowing golden ring
  9607 | Lair:2   | Noticed a black mamba
  9645 | Lair:2   | Identified a +0 rod of ignition (14/14) (Pakellas gifted it to you on level 8 of the Dungeon)
  9648 | Lair:2   | Killed a black mamba
  9659 | Lair:2   | Noticed a spiny frog
  9671 | Lair:2   | Gained mutation: You have a pair of small horns on your head. [demonic ancestry]
  9671 | Lair:2   | Reached XP level 11. HP: 80/80 MP: 19/19
 10716 | Lair:3   | Reached skill level 5 in Staves
 11012 | Lair:3   | Identified the ring "Utor" {rC+ MR+ MP+9 Dex+5} (You found it on level 1 of the Lair of Beasts)
 11182 | Lair:3   | Noticed an eight-headed hydra
 11319 | Lair:3   | Killed an eight-headed hydra
 11374 | Lair:4   | Noticed a griffon
 11431 | Lair:4   | Noticed a five-headed hydra
 11437 | Lair:4   | Killed a five-headed hydra
 11463 | Lair:4   | Killed a spiny frog
 11792 | Lair:4   | Found a hole to the Spider Nest.
 11884 | Lair:4   | Banished a griffon
 11884 | Lair:4   | Reached XP level 12. HP: 86/86 MP: 11/20
 12604 | Lair:5   | Noticed Josephine
 12831 | Lair:5   | Reached skill level 10 in Staves
 13022 | Lair:5   | Reached ****** piety under Pakellas
 13083 | Lair:5   | Reached skill level 12 in Evocations
 13111 | Lair:5   | Noticed a death yak
 13112 | Lair:5   | Noticed a death yak
 13112 | Lair:5   | Noticed a death yak
 13125 | Lair:5   | Killed a death yak
 13126 | Lair:5   | Killed a death yak
 13137 | Lair:5   | Killed a death yak
 13143 | Lair:5   | Noticed a four-headed hydra
 13155 | Lair:5   | Killed a four-headed hydra
 13366 | Lair:5   | Killed Josephine
 13392 | Lair:5   | Received a gift from Pakellas
 13444 | Lair:5   | Reached skill level 13 in Evocations
 14185 | Lair:6   | Found a staircase to the Shoals.
 14341 | Lair:6   | Gained mutation: Your movements are less encumbered by armour (ER -4). [demonic ancestry]
 14341 | Lair:6   | Reached XP level 13. HP: 84/92 MP: 22/22
 14878 | Lair:7   | Gained mutation: You possess an exceptional clarity of mind. [potion of beneficial mutation]
 15156 | Lair:7   | Found a runed door.
 15157 | Lair:7   | Found a viscous altar of Jiyva.
 15157 | Lair:7   | Found a staircase to the Slime Pits.
 15634 | Lair:8   | Entered Level 8 of the Lair of Beasts
 16066 | Lair:8   | Reached skill level 14 in Evocations
 16496 | Lair:8   | Got a clouded platinum amulet
 16648 | Lair:8   | Reached XP level 14. HP: 40/106 MP: 24/24
 16878 | Lair:8   | Identified the amulet "Qayss" {Gourm Stlth+} (You found it on level 8 of the Lair of Beasts)
 17120 | Lair:1   | Identified a scroll of acquirement
 17123 | Lair:1   | Got a scorched chain mail
 17134 | Lair:1   | Identified the +5 chain mail of Mollew {rElec Int+4} (You acquired it on level 1 of the Lair of Beasts)
 17518 | D:11     | Found a radiant altar of Vehumet.
 17675 | D:11     | Noticed Gastronok
 17690 | D:11     | Killed Gastronok
 17855 | D:11     | Found Mosunty's Magic Scroll Shoppe.
 17860 | D:11     | Bought 3 scrolls of blinking for 315 gold pieces
 17860 | D:11     | Bought a scroll of identify for 28 gold pieces
 17860 | D:11     | Bought a scroll of identify for 28 gold pieces
 18113 | D:12     | Reached skill level 15 in Evocations
 18751 | D:12     | Found a staircase to the Orcish Mines.
 18972 | Orc:1    | Entered Level 1 of the Orcish Mines
 19119 | Orc:2    | Entered Level 2 of the Orcish Mines
 19141 | Orc:2    | Found a staircase to the Elven Halls.
 19166 | Orc:1    | Noticed an orc warlord
 19174 | Orc:1    | Killed an orc warlord
 19356 | Orc:1    | Reached skill level 5 in Armour
 19403 | Orc:1    | Found a roughly hewn altar of Beogh.
 19551 | Orc:2    | Found Xywn's Assorted Antiques.
 19593 | Orc:2    | Received a gift from Pakellas
 19695 | Orc:2    | Found Ilemmuk's Weapon Emporium.
 19704 | Orc:2    | Found Nogyck's Jewellery Emporium.
 19710 | Orc:2    | Found Fotize's Antique Weapon Boutique.
 20253 | D:13     | Gained mutation: You passively map a small area around you. [mutagenic meat]
 20254 | D:13     | Lost mutation: You possess an exceptional clarity of mind. [mutagenic meat]
 20255 | D:13     | Gained mutation: Armour fits poorly on your strangely shaped body. [mutagenic meat]
 20374 | D:13     | Gained mutation: You are agile. (Dex +2) [mutagenic meat]
 20375 | D:13     | Gained mutation: You are weak. (Str -2) [mutagenic meat]
 20376 | D:13     | Gained mutation: Your mind is acute. (Int +2) [mutagenic meat]
 20377 | D:13     | Lost mutation: Your mind is acute. (Int +2) [mutagenic meat]
 20420 | D:13     | Gained mutation: Your movements are significantly less encumbered by armour (ER -6). [mutagenic meat]
 20422 | D:13     | Gained mutation: You have a pair of horns on your head. [mutagenic meat]
 20445 | D:13     | Noticed Maud
 20458 | D:13     | Identified a +2 rod of shadows (12/12) (Pakellas gifted it to you on level 2 of the Orcish Mines)
 20463 | D:13     | Killed Maud
 20463 | D:13     | Reached skill level 16 in Evocations
 20463 | D:13     | Reached XP level 15. HP: 68/113 MP: 27/27
 20694 | D:13     | Noticed Sonja
 20702 | D:13     | Killed Sonja
 21373 | D:14     | Noticed Nessos
 21383 | D:14     | Killed Nessos
 21514 | D:14     | Found Vennos's Pet Rocks.
 21703 | D:14     | Found a gate to the Vaults.
 21921 | D:15     | Entered Level 15 of the Dungeon
 22032 | D:15     | Found a shattered altar of Ashenzari.
 22272 | D:15     | Found a staircase to the Depths.
 22337 | D:15     | Noticed Rupert
 22350 | D:15     | Killed Rupert
 22648 | D:15     | Reached skill level 17 in Evocations
 23145 | Lair:5   | Gained mutation: You have sharp fingernails. [potion of mutation]
 23145 | Lair:5   | Gained mutation: You have a pair of large horns on your head. [potion of mutation]
 23145 | Lair:5   | Gained mutation: You are frail (-10% HP). [potion of mutation]
 23146 | Lair:5   | Lost mutation: You have a pair of large horns on your head. [potion of mutation]
 23147 | Lair:5   | Gained mutation: You can translocate small distances at will. [potion of mutation]
 23147 | Lair:5   | Gained mutation: You expend magic power (3 MP) to strengthen your wands. [potion of mutation]
 23148 | Lair:5   | Gained mutation: You are very agile. (Dex +4) [potion of mutation]
 23148 | Lair:5   | Gained mutation: You tend to lose your temper in combat. [potion of mutation]
 23149 | Lair:5   | Lost mutation: You are frail (-10% HP). [potion of mutation]
 23150 | Lair:5   | Lost mutation: Your movements are significantly less encumbered by armour (ER -6). [potion of mutation]
 23240 | Shoals:1 | Entered Level 1 of the Shoals
 23726 | Shoals:1 | Got a brightly glowing plate armour
 24061 | Shoals:2 | Reached skill level 10 in Dodging
 24066 | Shoals:2 | Noticed Aizul
 24400 | Shoals:2 | Killed Aizul
 24400 | Shoals:2 | Gained mutation: You have a pair of large horns on your head. [demonic ancestry]
 24400 | Shoals:2 | Reached XP level 16. HP: 7/120 MP: 9/28
 24993 | Shoals:2 | Identified the +10 plate armour of the Grue {+Blink rPois rF++ Str-5} (You found it on level 1 of the Shoals)
 25106 | Shoals:2 | Received a gift from Pakellas
 25616 | Shoals:3 | Noticed Nikola
 25648 | Shoals:3 | Killed Nikola
 25754 | Shoals:3 | Noticed Polyphemus
 25774 | Shoals:3 | Killed Polyphemus
 26651 | Spider:1 | Entered Level 1 of the Spider Nest
 26695 | Spider:1 | Reached skill level 10 in Fighting
 27983 | Spider:2 | Noticed Arachne
 28000 | Spider:2 | Killed Arachne
 28000 | Spider:2 | Reached XP level 17. HP: 70/129 MP: 16/29
 28539 | Spider:3 | Noticed Mara
 28593 | Spider:3 | Got a dazzling ring mail
 28594 | Spider:3 | Identified the +5 ring mail of the Barber Surgeon {Dex+2} (You found it on level 3 of the Spider Nest)
 28962 | Spider:2 | Upgraded the game from 0.18-a0-1285-g60d00e1 to 0.18-a0-1292-ge8ad84c
 28991 | Spider:3 | Noticed ThermosAquaticus's illusion
 29035 | Spider:3 | Noticed 4thArraOfDagon's ghost (adept DgFi)
 29549 | Shoals:4 | Entered Level 4 of the Shoals
 29549 | Shoals:4 | Found Jotoxus's Distillery.
 29549 | Shoals:4 | Noticed Roxanne
 29550 | Shoals:4 | Noticed Ilsuiw
 29570 | Shoals:4 | Received a gift from Pakellas
 29589 | Shoals:4 | Killed Ilsuiw
 29719 | Shoals:4 | Identified the Collected Works on Floating Battle Magic
 29909 | Shoals:4 | Reached skill level 18 in Evocations
 30005 | Shoals:4 | Got a barnacled rune of Zot
 31181 | Shoals:4 | Reached XP level 18. HP: 75/138 MP: 31/31
 31433 | Shoals:4 | Killed Roxanne
 31440 | Shoals:4 | Identified Roxanne's Tome of Dusty Moulding (You took it off Roxanne on level 4 of the Shoals)
 31686 | D:10     | Lost mutation: You are weak. (Str -2) [potion of cure mutation]
 31686 | D:10     | Lost mutation: You are very agile. (Dex +4) [potion of cure mutation]
 31686 | D:10     | Lost mutation: You can translocate small distances at will. [potion of cure mutation]
 31686 | D:10     | Lost mutation: You tend to lose your temper in combat. [potion of cure mutation]
 31686 | D:10     | Lost mutation: Armour fits poorly on your strangely shaped body. [potion of cure mutation]
 31796 | D:14     | Lost mutation: You are agile. (Dex +2) [potion of cure mutation]
 31796 | D:14     | Lost mutation: You expend magic power (3 MP) to strengthen your wands. [potion of cure mutation]
 31796 | D:14     | Lost mutation: You have a pair of large horns on your head. [potion of cure mutation]
 31796 | D:14     | Lost mutation: You passively map a small area around you. [potion of cure mutation]
 32318 | Elf:1    | Entered Level 1 of the Elven Halls
 32352 | Elf:1    | Got a distressingly furry ring mail
 32363 | Elf:1    | Identified the +1 ring mail "Odebbawk" {SInv} (You found it on level 1 of the Elven Halls)
 32787 | Elf:1    | Identified the Handbook of Necromancy
 32896 | Elf:1    | Found a deep blue altar of Sif Muna.
 33148 | Elf:1    | Reached skill level 19 in Evocations
 33670 | Elf:2    | Noticed Norris
 33710 | Elf:2    | Killed Norris
 33713 | Elf:2    | Got a brightly glowing buckler
 33719 | Elf:2    | Identified the +1 buckler of the Valley of Death {Str+3 Dex+6} (You took it off Norris on level 2 of the Elven Halls)
 33858 | Elf:2    | Found a huge runed gate.
 33858 | Elf:2    | Found a huge runed gate.
 33858 | Elf:2    | Found a huge runed gate.
 33858 | Elf:2    | Found a huge runed gate.
 33861 | Elf:2    | Found a huge runed gate.
 34642 | Elf:3    | Entered Level 3 of the Elven Halls
 34710 | Elf:3    | Found Vomil's General Store.
 34762 | Elf:3    | Reached skill level 10 in Armour
 35537 | Elf:3    | Reached skill level 20 in Evocations
 35555 | Elf:3    | Gained mutation: You have a pair of large horns on your head. [demonic ancestry]
 35555 | Elf:3    | Reached XP level 19. HP: 147/147 MP: 20/33
 36084 | Elf:3    | Identified the Handbook of Dislocation and Envenoming
 36235 | Elf:3    | Got an ancient platinum ring
 36236 | Elf:3    | Identified the ring of Temmucov {rElec rN+ Str+3 Dex+2 Slay+2} (You found it on level 3 of the Elven Halls)
 36284 | Elf:3    | Got a jewelled leather armour
 36295 | Elf:3    | Identified the cursed +0 leather armour of the Good {*Confuse MR+ Int+5} (You took it off a deep elf death mage on level 3 of the Elven Halls)
 36312 | Elf:3    | Got a transparent leather armour
 36323 | Elf:3    | Identified the +0 leather armour of Demons {rPois Int+3} (You took it off a deep elf annihilator on level 3 of the Elven Halls)
 37353 | Elf:2    | Received a gift from Pakellas
 37426 | Elf:2    | Identified a +4 rod of clouds (14/14) (Pakellas gifted it to you on level 2 of the Elven Halls)
 37427 | Elf:2    | Identified a +4 rod of shadows (13/13) (You took it off a deep elf elementalist on level 3 of the Elven Halls)
 37744 | Spider:3 | Noticed ThermosAquaticus's illusion
 37902 | Spider:4 | Entered Level 4 of the Spider Nest
 37983 | Spider:4 | Noticed Wiglaf
 37996 | Spider:4 | Killed Wiglaf
 38271 | Spider:4 | Noticed Asterion
 38276 | Spider:4 | Killed Asterion
 39010 | Spider:4 | Got a gossamer rune of Zot
 39251 | Lair:4   | Upgraded the game from 0.18-a0-1292-ge8ad84c to 0.18-a0-1293-g5a2c81a
 39463 | Vaults:1 | Entered Level 1 of the Vaults
 39683 | Vaults:1 | Reached XP level 20. HP: 98/154 MP: 34/34
 41313 | Vaults:2 | Found Ifafig's Antique Armour Emporium.
 41318 | Vaults:2 | Bought a dazzling scale mail for 189 gold pieces
 41328 | Vaults:2 | Identified the +1 scale mail of Duty {*Drain MR+ Dex+3} (You bought it in a shop on level 2 of the Vaults)
 41630 | Vaults:2 | Received a gift from Pakellas
 41864 | Vaults:2 | Found a portal to a secret trove of treasure.
 41924 | Vaults:2 | Noticed Jory
 41944 | Vaults:2 | Killed Jory
 41992 | Vaults:2 | Found an opulent altar of Gozag.
 41996 | Vaults:2 | Noticed Sojobo
 42011 | Vaults:2 | Noticed Margery
 42011 | Vaults:2 | HP: 4/160 [hell knight/demon trident[Margery] (8)]
 42011 | Vaults:2 | Mangled by Margery

Vault maps used:
D:1:      dpeg_arrival_pond
D:2:      grunt_pakellas_sulfur
D:3:      uniq_crazy_yiuf_cottage
D:4:      lemuel_upstairs_altar, hangedman_decor_lopped, uniq_sigmund
D:5:      grunt_temple_overflow_diamond, elyvilon_altar_3,
          nemelex_xobeh_ov_fountains_minmay, first_bread, serial_park_tiny_2,
          grunt_decor_one_mirror, dk_xom_monty_hall, uniq_eustachio
D:6:      minmay_temple_entry_water_ring
D:7:      serial_shops, shop, basic_altar
D:9:      grunt_temple_overflow_open, serial_ice, serial_ice_j, serial_ice_b,
          serial_ice_m, serial_ice_a, serial_shops, shop, basic_altar,
          grunt_pizzeria
D:10:     lair_0_dummy
D:11:     basic_altar, serial_shops, kennysheep_little_box, uniq_gastronok
D:12:     orc_0_dummy
D:13:     uniq_maud, uniq_sonja
D:14:     grunt_vaults_entry_tiered, guppyfry_shop_earth, uniq_nessos
D:15:     grunt_enter_depths_hoard, ashenzari_altar_1, uniq_rupert
Lair:1:   grunt_megastairs_2, serial_bayou_shore_b
Lair:3:   grunt_megastairs_4
Lair:4:   spider_nest_entry_rubble, serial_bayou_pond_a
Lair:5:   st_stairs_12, uniq_josephine
Lair:6:   minmay_shoals_entry_hut, serial_bayou_pond_e, serial_bayou_shore_b
Lair:7:   slime_altar_2, fungi_pond_lemuel, infiniplex_staircase_pool_2,
          lemuel_fruit_tree
Lair:8:   evilmike_catoblepas_cave, minivault_11, minivault_23,
          serial_bayou_shore_b, serial_bayou_shore_b
Shoals:2: abandoned_shop, nicolae_shoals_circle_sea_wall, uniq_aizul
Shoals:3: nicolae_shoals_flooded_hall, uniq_nikola, uniq_polyphemus
Shoals:4: shoals_end_grunt_ice, shoals_ilsuiw_ice, serial_shops, shop,
          nicolae_shoals_dead_sea_scrolls, uniq_roxanne
Spider:1: guppyfry_spider_mini_2
Spider:2: hangedman_spider_tarantella_strand, uniq_arachne
Spider:3: uniq_mara
Spider:4: spider_rune_water, uniq_wiglaf, uniq_asterion
Orc:1:    orc_temple
Orc:2:    st_orc_elflike
Elf:1:    minmay_elf_arrival_summoners, basic_altar, minmay_elf_necromancy
Elf:2:    einodemon_barbed_minivault, uniq_norris
Elf:3:    grunt_elf_hall_asides, serial_shops, nicolae_shop_behind_doors
Vaults:1: vaults_room_hallway, v_pattern_4, serial_ice_h,
          nicolae_vaults_hallways_thing, nicolae_vaults_rhombus_5,
          hangedman_vaults_stream, nicolae_vaults_rhombus_7,
          nicolae_vaults_ring_of_whatevers, hangedman_vaults_trim,
          hangedman_vaults_snaps, vaults_room_corners, hangedman_vaults_capsules
Vaults:2: hangedman_vaults_unwind, grunt_vaults_diagonal, v_misc_3,
          grunt_vaults_trifunnel, nicolae_vaults_circle_grid_a, v_misc_13,
          vaults_room_hangedman_quadrants,
          nicolae_vaults_windows_and_doors_thing, v_alt_pattern_4,
          ontoclasm_vaults_loading_screen, nicolae_trove_entry_crystal,
          basic_altar, serial_shops, shop, uniq_margery, uniq_jory, uniq_sojobo

Action                   |  1- 3 |  4- 6 |  7- 9 | 10-12 | 13-15 | 16-18 | 19-21 || total
-------------------------+-------+-------+-------+-------+-------+-------+-------++-------
Melee: Short sword       |   163 |   126 |   644 |   530 |       |       |       ||  1463
       Quarterstaff      |       |       |       |   656 |   505 |       |       ||  1161
       Lajatang          |       |       |       |       |  1135 |  1472 |  1036 ||  3643
 Fire: Blowgun           |       |       |     8 |     3 |       |    41 |    11 ||    63
Invok: Quick Charge      |       |     2 |     3 |     4 |     4 |    10 |     8 ||    31
Evoke: Wand              |    14 |    17 |    28 |    42 |    19 |    52 |    30 ||   202
       Rod               |       |       |       |     2 |    49 |    79 |    33 ||   163
  Use: Scroll            |       |    10 |     5 |    15 |    12 |    11 |     6 ||    59
       Potion            |       |       |     1 |     1 |    19 |     8 |     2 ||    31
 Stab: Paralysed         |       |     5 |       |       |       |       |       ||     5
       Distracted        |       |     1 |     3 |     4 |    17 |    14 |     7 ||    46
       Sleeping          |       |     1 |     1 |     3 |     4 |     5 |     2 ||    16
       Confused          |       |       |       |     6 |       |       |       ||     6
       Held in net/web   |       |       |       |       |       |       |     1 ||     1
  Eat: Chunk             |     4 |     6 |    13 |    24 |    52 |    48 |    31 ||   178
       Pizza             |       |       |       |     1 |       |       |       ||     1
       Beef jerky        |       |       |       |     1 |       |       |       ||     1
       Bread ration      |       |       |       |       |       |     1 |       ||     1
